 Dungeon Crawl Stone Soup version 0.19.0-20-gbc5f0c6 (webtiles) character file.

17315 Gargoyl the Envoy of Void (level 12, 0/100 HPs)
             Began as a Demonspawn Abyssal Knight on Nov 17, 2016.
             Was a High Priest of Lugonu.
             Slain by a jumping spider (8 damage)
             ... on level 3 of the Lair of Beasts on Nov 18, 2016.
             The game lasted 00:25:22 (14689 turns).

Gargoyl the Envoy of Void (DsAK)                   Turns: 14689, Time: 00:25:23

Health: 0/100      AC: 24    Str: 17    XL:     12   Next: 17%
Magic:  18/18      EV:  4    Int: 13    God:    Lugonu [*****.]
Gold:   744        SH: 11    Dex: 10    Spells: 0 memorised, 11 levels left

rFire  . . .     SeeInvis .     i - +3 war axe
rCold  . . .     Gourm    .     a - +0 plate armour
rNeg   + . .     Faith    .     n - +0 shield
rPois  .         Spirit   .     (no helmet)
rElec  .         Reflect  +     t - +2 cloak
rCorr  .         Harm     .     L - +2 pair of gloves
MR     +....     Rnd*Rage +     (boots unavailable)
Stlth  ..........               l - +3 amulet of reflection
                                G - ring of protection from magic
                                e - ring of positive energy

@: exhausted, slowed, very slow
A: talons 3, icy blue scales 2, camouflage 1, berserk 2, clumsy 1, dopey 1, low
mp 1, robust 1, spiny 1, MP-powered wands
a: Depart the Abyss, Bend Space, Banish, Corrupt, Enter the Abyss, Renounce
Religion


You were on level 3 of the Lair of Beasts.
You worshipped Lugonu.
Lugonu was extremely pleased with you.
You were not hungry.

You visited 2 branches of the dungeon, and saw 13 of its levels.
You visited the Abyss 1 time.

You collected 834 gold pieces.
You spent 90 gold pieces at shops.

Inventory:

Hand Weapons
 i - a +3 war axe (weapon)
 j - a +1 hand axe of flaming
Missiles
 I - 2 tomahawks of returning (quivered)
Armour
 a - a +0 plate armour (worn)
 n - a +0 shield (worn)
 t - a +2 cloak (worn)
 L - a +2 pair of gloves (worn)
Jewellery
 e - a ring of positive energy (left hand)
 g - an uncursed ring of resist corrosion
 l - a +3 amulet of reflection (around neck)
 G - a ring of protection from magic (right hand)
Wands
 d - a wand of lightning (1/15)
 p - a wand of confusion (31/48)
 z - a wand of slowing (27/48)
 C - a wand of digging (12/24)
 F - a wand of confusion (23/48)
Scrolls
 h - 5 scrolls of teleportation
 q - 6 scrolls of remove curse
 r - 13 scrolls of identify
 s - 2 scrolls of magic mapping
 u - 6 scrolls of blinking
Potions
 o - a potion of invisibility
 w - a potion of berserk rage {unknown}
 x - 2 potions of brilliance
 A - 3 potions of heal wounds
 B - a potion of agility
 D - 3 potions of curing
 H - a potion of might
 J - a potion of lignification {unknown}
Comestibles
 b - 9 slices of pizza
 c - 5 bread rations
 f - 4 royal jellies
 k - 4 beef jerkies
 m - 13 fruits
 v - 4 meat rations
 E - 5 chunks of flesh


   Skills:
 + Level 7.4 Fighting
 + Level 10.6 Axes
 + Level 1.2 Throwing
 * Level 10.7 Armour
 + Level 3.4 Dodging
 + Level 3.0 Shields
 * Level 11.0 Invocations
 + Level 1.1 Evocations


You had 11 spell levels left.
You didn't know any spells.

Dungeon Overview and Level Annotations

Branches:
Dungeon (10/15)            Temple (0/1) D:6            Lair (3/6) D:10
 Shoals (0/4) Lair:2       Spider (0/4) Lair:3          Orc (0/2) D:10

Altars:
Ashenzari
Dithmenos
Fedhas
Vehumet
Zin
The Shining One

Annotations:
D:6 Edmund
Abyss:1 Sonja


Innate Abilities, Weirdness & Mutations

You have claws for feet.
You are mostly covered in icy blue scales. (AC +3)
You are partially covered in sharp spines.
Your skin changes colour to match your surroundings (Stealth+).
You often lose your temper in combat.
You are clumsy. (Dex -2)
You are dopey. (Int -2)
Your magical capacity is low. (-10% MP)
You are robust. (+10% HP)
You expend magic power (3 MP) to strengthen your wands.


Message History

The yak is struck by your spines.
You kill the yak!
Lugonu accepts your kill.
Your Invocations skill increases to level 11!
You block the killer bee's attack.
A killer bee comes into view.
The jumping spider pounces on you!
* * * LOW HITPOINT WARNING * * *
The jumping spider bites you but does no damage.
You block the killer bee's attack.
The jumping spider is struck by your spines.
The jumping spider pounces on you but does no damage.
The jumping spider bites you but does no damage.
The killer bee is struck by your spines.
The killer bee stings you but does no damage.
The jumping spider pounces on the fungus!
The jumping spider bites the fungus!
The yak is caught in a web!
The jumping spider is struck by your spines.
The jumping spider pounces on you!
You die...

#....††...s...
#...#.†.......
####.##......... ##
#####..^§...........
..P##.....####$.P#.#P...
.......s................
#.##.P.####...###...#.#
..#..##YP##...###....#.#
......s@y...............
#.###.#..#.###....#..#..
..)..<...............
.....#.#..#.....#P.#..P
........P..y............
..... .PPP###..#.##....#
..... .............÷....
... ..P.....#.##....#P.
.............


You could see a yak (webbed), 2 jumping spiders and 2 killer bees.

Vanquished Creatures
  3 hydras (Lair:2)
  Erica (Lair:2)
  An unseen horror (D:9)
  An ugly thing (D:8)
  Joseph (D:7)
  4 spiny frogs (Lair:2)
  2 komodo dragons (Lair:2)
  5 jumping spiders (Lair:3)
  Prince Ribbit (D:9)
  A troll (D:9)
  2 hornets
  Grinder (D:6)
  9 hippogriffs
  Sigmund (D:3)
  8 yaks (Lair:3)
  A wyvern (Lair:1)
  4 hogs (D:8)
  A human (D:8)
  A hungry ghost (D:7)
  A basilisk (Lair:1)
  3 water moccasins
  Duvessa (D:7)
  5 orc warriors
  2 porcupines (Lair:1)
  3 ice beasts
  A phantom (D:9)
  2 necrophages (D:8)
  5 ogres
  2 crocodiles
  6 centaurs
  5 bullfrogs
  A gnoll sergeant (D:9)
  A water moccasin zombie (D:7)
  Dowan (D:7)
  4 scorpions
  2 killer bees (Lair:3)
  5 crimson imps
  2 bullfrog zombies
  A quasit (D:7)
  7 hounds
  8 orc priests
  6 jellies
  Crazy Yiuf (D:2)
  2 bullfrog skeletons
  2 centaur skeletons
  An iguana (D:7)
  Ijyb (D:2)
  11 orc wizards
  9 worker ants
  A hound zombie (D:8)
  A howler monkey zombie (D:6)
  A worker ant zombie (D:6)
  15 gnolls
  11 adders
  6 river rats (D:10)
  A shadow imp (D:9)
  2 oozes
  An adder zombie (D:6)
  2 adder skeletons
  6 worms
  3 dart slugs
  3 leopard geckos
  43 orcs
  9 giant cockroaches
  7 goblins
  7 hobgoblins
  14 jackals
  4 quokkas
  14 bats
  4 frilled lizards
  5 kobolds
  A leopard gecko skeleton (D:4)
  A leopard gecko zombie (D:5)
  21 rats
332 creatures vanquished.

Vanquished Creatures (others)
  A wolf (Lair:3)
  5 fungi
  A plant (Lair:2)
7 creatures vanquished.

Grand Total: 339 creatures vanquished

Notes
Turn   | Place    | Note
-------+----------+-------------------------------------------
     0 | Abyss:1  | Gargoyl the Demonspawn Abyssal Knight began the quest for the Orb.
     0 | Abyss:1  | Reached XP level 1. HP: 18/18 MP: 2/2
    58 | Abyss:4  | Noticed a worldbinder
    62 | D:1      | Escaped the Abyss
    66 | D:1      | Reached skill level 1 in Dodging
   242 | D:1      | Reached * piety under Lugonu
   242 | D:1      | Gained mutation: You have sharp toenails. [demonic ancestry]
   242 | D:1      | Reached XP level 2. HP: 16/24 MP: 3/3
   848 | D:1      | Reached XP level 3. HP: 19/29 MP: 5/5
  1658 | D:2      | Found a runed door.
  2014 | D:2      | Noticed Crazy Yiuf
  2027 | D:2      | HP: 1/29 [Crazy Yiuf/quarterstaff of chaos (3)]
  2028 | D:2      | Killed Crazy Yiuf
  2028 | D:2      | Gained mutation: You are partially covered in sharp spines. [demonic ancestry]
  2028 | D:2      | Reached XP level 4. HP: 1/36 MP: 6/6
  2522 | D:2      | Reached skill level 3 in Invocations
  2523 | D:2      | Found a faded altar of an unknown god.
  2712 | D:2      | Found a glowing golden altar of the Shining One.
  2752 | D:3      | Noticed Ijyb
  2754 | D:3      | Noticed Sigmund
  2777 | D:3      | Reached ** piety under Lugonu
  2869 | D:2      | Killed Ijyb
  2869 | D:2      | Reached XP level 5. HP: 41/41 MP: 7/7
  2908 | D:3      | HP: 2/41 [something (1)]
  2917 | D:3      | Killed Sigmund
  2917 | D:3      | Reached skill level 4 in Invocations
  2917 | D:3      | Gained mutation: You are partially covered in icy blue scales. (AC +2) [demonic ancestry]
  2917 | D:3      | Reached XP level 6. HP: 35/48 MP: 7/9
  3288 | D:3      | Found a shattered altar of Ashenzari.
  3750 | D:4      | Reached skill level 5 in Invocations
  3825 | D:4      | Gained mutation: You have razor-sharp toenails. [demonic ancestry]
  3825 | D:4      | Reached XP level 7. HP: 51/54 MP: 10/10
  4070 | D:4      | Found a shadowy altar of Dithmenos.
  4417 | D:5      | Entered Level 5 of the Dungeon
  4547 | D:5      | Reached *** piety under Lugonu
  4799 | D:5      | Reached skill level 5 in Axes
  5184 | D:5      | Gained mutation: You are mostly covered in icy blue scales. (AC +3) [demonic ancestry]
  5184 | D:5      | Reached XP level 8. HP: 51/61 MP: 12/12
  5331 | D:5      | Found a blossoming altar of Fedhas.
  5628 | D:6      | Reached skill level 6 in Invocations
  5735 | D:6      | Reached skill level 5 in Armour
  5951 | D:6      | Noticed Grinder
  5967 | D:6      | Killed Grinder
  6235 | D:6      | Found a staircase to the Ecumenical Temple.
  6406 | D:6      | Noticed Edmund
  6742 | D:7      | Reached skill level 5 in Fighting
  6985 | D:7      | Reached XP level 9. HP: 34/68 MP: 14/14
  6987 | D:7      | Reached **** piety under Lugonu
  7424 | D:7      | Noticed Duvessa
  7426 | D:7      | Noticed Dowan
  7431 | D:7      | Killed Duvessa
  7431 | D:7      | Reached skill level 7 in Invocations
  7437 | D:7      | Killed Dowan
  7713 | D:8      | Noticed Joseph
  7738 | D:7      | Killed Joseph
  8509 | D:8      | Gained mutation: You have claws for feet. [demonic ancestry]
  8509 | D:8      | Reached XP level 10. HP: 75/75 MP: 15/15
  8540 | D:8      | Reached skill level 8 in Invocations
  8575 | D:8      | Found a radiant altar of Vehumet.
  8780 | D:8      | Noticed a brown ugly thing
  8791 | D:8      | Killed a brown ugly thing
  8797 | D:8      | Gained mutation: You are robust. (+10% HP) [mutagenic meat]
  8798 | D:8      | Gained mutation: You are clumsy. (Dex -2) [mutagenic meat]
  8799 | D:8      | Gained mutation: Your skin changes colour to match your surroundings (Stealth+). [mutagenic meat]
  8800 | D:8      | Gained mutation: You regenerate slowly when monsters are visible. [mutagenic meat]
  8801 | D:8      | Gained mutation: You tend to lose your temper in combat. [potion of mutation]
  8801 | D:8      | Gained mutation: You often lose your temper in combat. [potion of mutation]
  8801 | D:8      | Lost mutation: You regenerate slowly when monsters are visible. [potion of mutation]
  8802 | D:8      | Gained mutation: Your magical capacity is low. (-10% MP) [potion of mutation]
  8802 | D:8      | Gained mutation: You are very robust. (+20% HP) [potion of mutation]
  8802 | D:8      | Gained mutation: You expend magic power (3 MP) to strengthen your wands. [potion of mutation]
  9139 | D:9      | Gained mutation: You are dopey. (Int -2) [potion of mutation]
  9139 | D:9      | Lost mutation: You are very robust. (+20% HP) [potion of mutation]
  9150 | D:9      | Found Zin's Purification Station.
  9150 | D:9      | Found a glowing silver altar of Zin.
  9155 | D:9      | Bought a potion of curing for 90 gold pieces
  9180 | D:9      | Noticed Prince Ribbit
  9252 | D:9      | Killed Prince Ribbit
  9252 | D:9      | Reached skill level 9 in Invocations
  9764 | D:9      | Killed an unseen horror
  9764 | D:9      | Reached skill level 1 in Evocations
 10554 | D:10     | Entered Level 10 of the Dungeon
 10692 | D:10     | Reached XP level 11. HP: 88/91 MP: 16/16
 10792 | D:10     | Reached ***** piety under Lugonu
 11177 | D:10     | Paralysed by a hornet for 1 turns
 11434 | D:10     | Found a staircase to the Orcish Mines.
 11745 | D:10     | Found a staircase to the Lair.
 11750 | D:10     | Reached skill level 10 in Invocations
 11909 | Lair:1   | Entered Level 1 of the Lair of Beasts
 12322 | Lair:1   | Noticed Sonja
 12325 | Lair:1   | Banished Sonja
 12739 | Lair:2   | Noticed an eight-headed hydra
 12750 | Lair:2   | Killed a three-headed hydra
 12750 | Lair:2   | Reached skill level 1 in Shields
 13078 | Lair:2   | Reached skill level 10 in Axes
 13123 | Lair:2   | Noticed Erica
 13143 | Lair:2   | Killed Erica
 13292 | Lair:2   | Reached skill level 1 in Throwing
 13323 | Lair:2   | Reached skill level 10 in Armour
 13562 | Lair:2   | Noticed a seven-headed hydra
 13572 | Lair:2   | Killed a one-headed hydra
 13917 | Lair:2   | Found a staircase to the Shoals.
 13931 | Lair:2   | Noticed a six-headed hydra
 13946 | Lair:2   | Killed a one-headed hydra
 14461 | Lair:3   | Reached XP level 12. HP: 80/100 MP: 18/18
 14668 | Lair:3   | Found a hole to the Spider Nest.
 14688 | Lair:3   | Reached skill level 11 in Invocations
 14689 | Lair:3   | Slain by a jumping spider

Skill      XL: |  1  2  3  4  5  6  7  8  9 10 11 12 |
---------------+-------------------------------------+-----
Dodging        | 1 2 3 |  3.4
Axes           | 2 3 4 5 6 8 9 10 | 10.6
Armour         | 2 3 4 6 7 9 10 | 10.7
Invocations    | 3 4 5 6 7 9 10 11 | 11.0
Fighting       | 4 5 6 7 |  7.4
Evocations     | 1 |  1.1
Shields        | 2 3 |  3.0
Throwing       | 1 |  1.2

Action                   |  1- 3 |  4- 6 |  7- 9 | 10-12 || total
-------------------------+-------+-------+-------+-------++-------
Melee: Hand axe          |   159 |    87 |       |   100 ||   346
       Kick              |    29 |    33 |       |    99 ||   161
       War axe           |       |    36 |   284 |   347 ||   667
Throw: Tomahawk          |       |       |     6 |    10 ||    16
Invok: Depart the Abyss  |     1 |       |       |       ||     1
       Banish            |       |       |       |     1 ||     1
       Bend Space        |       |       |       |     1 ||     1
 Abil: Evoke Berserk Rag |       |       |       |     1 ||     1
Evoke: Wand              |       |       |     4 |     3 ||     7
  Use: Potion            |     1 |     5 |       |     7 ||    13
       Scroll            |       |     9 |     6 |     9 ||    24
  Eat: Chunk             |     4 |     4 |    17 |    17 ||    42
       Fruit             |       |     2 |       |       ||     2
       Bread ration      |       |       |       |     2 ||     2
Armor: Leather armour    |    24 |       |       |       ||    24
       Chain mail        |    97 |   113 |   234 |   116 ||   560
       Plate armour      |       |       |       |   355 ||   355
Dodge: Dodged            |    84 |    39 |   137 |    98 ||   358
Block: Shield            |       |       |       |   167 ||   167
